 Dungeon Crawl Stone Soup version 0.27-a0-898-g810843a28d (webtiles) character file.

Game seed: 1709934253720023264

3140 funkygono the Thaumaturge (level 9, -4/59 HPs)
             Began as a Djinni Fire Elementalist on Apr 6, 2021.
             Slain by an orc warrior
             ... wielding a +1 dire flail of protection
              (15 damage)
             ... on level 7 of the Dungeon.
             The game lasted 00:15:26 (7734 turns).

funkygono the Thaumaturge (DjFE)                    Turns: 7734, Time: 00:15:27

Health: -4/59      AC:  7    Str: 14    XL:     9   Next: 92%
Gold:   176        EV: 13    Int: 18    God:
                   SH:  0    Dex: 15

rFire    + + +     SeeInvis +   c - +0 long sword (venom)
rCold    x . .     Faith    .   (no shield)
rNeg     . . .     Spirit   .   r - +2 leather armour {rF+}
rPois    ∞         Reflect  .   k - +2 hat
rElec    .         Harm     .   (no cloak)
rCorr    .         Rampage  .   (no gloves)
Will     .....                  (boots unavailable)
Stlth    ++........             g - amulet of the acrobat
HPRegen  0.19/turn              h - ring of see invisible
MPRegen  0.00/turn              l - +6 ring of strength

@: flying
A: fire resistance 2, cold vulnerability 1, float, innate caster, hp casting,
extra vitality 1
a: no special abilities


You were on level 7 of the Dungeon.
You visited 1 branch of the dungeon, and saw 7 of its levels.

You collected 176 gold pieces.

Inventory:

Hand Weapons
 c - a +0 long sword of venom (weapon)
 i - a +1 vampiric dagger
Armour
 k - a +2 hat (worn)
 m - a +0 kite shield
 r - a +2 leather armour of fire resistance (worn)
Jewellery
 g - an amulet of the acrobat (around neck)
 h - a ring of see invisible (left hand)
 l - a +6 ring of strength (right hand)
Wands
 o - a wand of acid (8)
Scrolls
 f - 2 scrolls of teleportation
 j - a scroll of fog
Potions
 d - a potion of ambrosia
 n - 4 potions of curing
 p - 2 potions of brilliance
 q - 2 potions of might
 v - a potion of lignification
 w - a potion of berserk rage {unknown}


   Skills:
 + Level 2.5 Fighting
 + Level 3.0 Long Blades
 * Level 5.4 Armour
 + Level 4.1 Dodging
 - Level 1.5 Stealth
 + Level 9.6 Spellcasting


You had 2 spell levels left.
You knew the following spells:

 Your Spells              Type           Power      Damage    Failure   Level
a - Foxfire               Conj/Fire      100%       2x1d9     1%          1
b - Conjure Flame         Conj/Fire      43%        6-21      1%          3
c - Inner Flame           Hex/Fire       43%        N/A       1%          3
d - Sticky Flame          Conj/Fire      43%        2d6       1%          4
e - Fireball              Conj/Fire      21%        3d10      5%          5
f - Pain                  Necr           100%       1d9       1%          1
g - Corpse Rot            Necr/Air       N/A        N/A       1%          2
h - Spider Form           Tmut/Pois      21%        N/A       1%          3
i - Static Discharge      Conj/Air       43%        N/A       1%          3
Your spell library was empty.

Dungeon Overview and Level Annotations

Branches:
Dungeon (7/15)
 Temple: D:4-7

Altars:
Elyvilon
Okawaru
Trog
Xom
Yredelemnul

Shops:
D:3 =   D:6 [[


Innate Abilities, Weirdness & Mutations

You are immune to poison.
Your flesh is very heat resistant. (rF++)
You are vulnerable to cold. (rC-)
You float through the air rather than walking.
You learn spells naturally, not from books.
Your magical power is your life essence.
You have superior vitality. (+4 HP)


Message History

Confirm with . or Enter, or press ? or * to list all spells.
You conjure some foxfire!
* * * LOW HITPOINT WARNING * * *
The centaur zombie hits you.
* * * LOW HITPOINT WARNING * * *
The centaur zombie closely misses you.
You barely miss the centaur zombie.
The centaur zombie is severely damaged.
The foxfire hits the centaur zombie!
The centaur zombie is almost destroyed.
The foxfire hits the centaur zombie.
The centaur zombie is almost destroyed.
The centaur zombie barely misses you. The centaur zombie closely misses you.
The centaur zombie hits you but does no damage.
The centaur zombie barely misses you.
You slash the centaur zombie!
You destroy the centaur zombie!
Your Long Blades skill increases to level 3!
An orc warrior comes into view.
It is wielding a +1 dire flail of protection.
Casting: Foxfire (safe; 1% risk of failure)
Confirm with . or Enter, or press ? or * to list all spells.
You conjure some foxfire!
* * * LOW HITPOINT WARNING * * *
Casting: Foxfire (safe; 1% risk of failure)
Confirm with . or Enter, or press ? or * to list all spells.
You conjure some foxfire!
* * * LOW HITPOINT WARNING * * *
The foxfire hits the orc warrior but does no damage. x2
The foxfire hits the orc warrior.
The orc warrior is lightly wounded.
You hit the orc warrior but do no damage.
The orc warrior is poisoned.
The orc warrior is lightly wounded.
The foxfire hits the orc warrior.
The orc warrior is lightly wounded.
You hit the orc warrior.
The orc warrior looks as sick as possible!
The orc warrior is lightly wounded.
The orc warrior hits you with a +1 dire flail of protection!
You die...

.......##..#...#
......>##Z##.###
.......##.#....# ##
#########.#.#.## .## +
#.#./... #..##.# #.##.
#........# ########..##.
.#####..#
........#..#####...####
########)).....o@.......
......##.#.........#####
#####.##.###########
#.##.# #.##.# #....#
######


You could see an orc warrior (extremely poisoned).

Vanquished Creatures
  2 hornets
  Sigmund (D:3)
  A wyvern (D:7)
  A water moccasin (D:5)
  2 orc warriors
  An ice beast (D:6)
  5 black bears
  2 ogres
  A centaur (D:7)
  2 bullfrogs
  3 scorpions
  A water moccasin zombie (D:5)
  2 howler monkeys
  2 centaur zombies
  3 jellies
  5 hounds
  4 centaur skeletons
  2 orc priests
  3 bullfrog skeletons
  3 iguanas
  3 orc wizards
  A hound skeleton (D:5)
  4 gnolls
  8 adders
  A shadow imp (D:6)
  An ufetubus (D:5)
  2 worms
  2 dart slugs (D:4)
  18 orcs
  3 endoplasms
  2 giant cockroaches
  8 goblins
  5 hobgoblins
  4 jackals (D:1)
  2 quokkas (D:1)
  3 ball pythons
  4 bats
  A frilled lizard (D:3)
  9 kobolds
  8 rats
135 creatures vanquished.

Vanquished Creatures (others)
  A centaur (D:5)
  An iguana (D:5)
  3 adders (D:5)
  An orc (D:5)
  481 foxfires
487 creatures vanquished.

Grand Total: 622 creatures vanquished

Notes
Turn   | Place    | Note
-------+----------+-------------------------------------------
     0 | D:1      | funkygono the Djinni Fire Elementalist began the quest for
                  | the Orb.
     0 | D:1      | Reached XP level 1. HP: 15/15 MP: 0/0
   157 | D:1      | Reached skill level 3 in Spellcasting
   161 | D:1      | Reached XP level 2. HP: 18/21 MP: 0/0
  1092 | D:1      | Found a faded altar of an unknown god.
  1540 | D:2      | Reached XP level 3. HP: 23/25 MP: 0/0
  1540 | D:2      | Learned a level 1 spell: Pain
  2308 | D:3      | Reached skill level 4 in Spellcasting
  2352 | D:3      | You are sucked into a shaft and drop 3 floors!
  2352 | D:6      | Noticed a black bear
  2359 | D:6      | Killed a black bear
  2360 | D:6      | Reached XP level 4. HP: 26/31 MP: 0/0
  2360 | D:6      | Reached XP level 5. HP: 29/35 MP: 0/0
  2360 | D:6      | Learned a level 2 spell: Corpse Rot
  2360 | D:6      | Found Eraar's Antique Armour Shoppe.
  2375 | D:5      | Entered Level 5 of the Dungeon
  2382 | D:5      | Killed a centaur
  2429 | D:5      | Reached skill level 5 in Spellcasting
  2436 | D:5      | Reached XP level 6. HP: 26/40 MP: 0/0
  2599 | D:5      | Noticed a black bear
  2606 | D:5      | Killed a black bear
  2607 | D:5      | Reached skill level 6 in Spellcasting
  2638 | D:5      | Reached skill level 1 in Armour
  2679 | D:5      | Reached XP level 7. HP: 38/45 MP: 0/0
  2679 | D:5      | Learned a level 3 spell: Spider Form
  3184 | D:4      | Reached skill level 7 in Spellcasting
  3231 | D:4      | Found a bloodstained altar of Trog.
  3275 | D:4      | Reached XP level 8. HP: 48/51 MP: 0/0
  3370 | D:3      | Noticed Sigmund
  3374 | D:3      | Killed Sigmund
  3375 | D:3      | Reached skill level 1 in Long Blades
  3550 | D:3      | Noticed a hornet
  3567 | D:3      | Killed a hornet
  3568 | D:3      | Reached skill level 1 in Fighting
  3988 | D:3      | Found Dozxe's Jewellery Boutique.
  4181 | D:3      | Found an iron altar of Okawaru.
  4574 | D:4      | Reached skill level 8 in Spellcasting
  5425 | D:5      | Found a shimmering altar of Xom.
  5741 | D:5      | Reached XP level 9. HP: 36/57 MP: 0/0
  5741 | D:5      | Learned a level 3 spell: Static Discharge
  6394 | D:6      | Found a basalt altar of Yredelemnul.
  6551 | D:6      | Noticed a hornet
  6560 | D:6      | Killed a hornet
  6891 | D:6      | Reached skill level 9 in Spellcasting
  7079 | D:6      | Reached skill level 5 in Armour
  7238 | D:6      | Found Cesiyrphu's Antique Armour Boutique.
  7339 | D:6      | Found a white marble altar of Elyvilon.
  7734 | D:7      | Slain by an orc warrior

Illustrated notes

Levels and vault maps discovered:
D:1:      co_arrival_random_square_maze, layout_loops_corners,
          basic_ecumenical_altar
D:2:      layout_loops_ring
D:3:      minmay_door_path, layout_loops_ring, okawaru_gym_becter, serial_shops,
          nicolae_shop_crystal, chequers_serial_rivers_room_a, uniq_sigmund
D:4:      layout_cave_pods, trog_ov_bears_minmay, guppyfry_early_orc_mine
D:5:      layout_rooms, xom_confusion_cloud
D:6:      layout_gridville, kennysheep_ying_yang, serial_shops,
          nicolae_shop_overgrown_old_shop, shop
D:7:      gammafunk_the_bubble [the_bubble_gammafunk_split], layout_basic,
          minmay_temple_entry_drinking_statues, minmay_bent, uniq_harold

Skill      XL: |  1  2  3  4  5  6  7  8  9 |
---------------+----------------------------+-----
Spellcasting   | 3 4 5 6 7 8 9 |  9.6
Armour         | 1 3 4 5 |  5.4
Long Blades    | 1 3 |  3.0
Dodging        | 3 4 |  4.1
Fighting       | 1 2 |  2.5
Stealth        | |  1.5

Action                   |  1- 3 |  4- 6 |  7- 9 || total
-------------------------+-------+-------+-------++-------
Melee: Long sword        |     5 |       |    16 ||    21
 Cast: Foxfire           |    54 |    33 |   198 ||   285
       Corpse Rot        |       |     1 |       ||     1
       Sticky Flame      |       |       |    15 ||    15
       Conjure Flame     |       |       |     2 ||     2
       Fireball          |       |       |    10 ||    10
  Use: Scroll            |     7 |       |     8 ||    15
Armor: Robe              |     2 |       |       ||     2
       Leather armour    |       |       |    25 ||    25
Dodge: Dodged            |    28 |     1 |   109 ||   138
       Rpst.: Long sword |       |       |    18 ||    18

Table legend: (Time is in decaauts)
 A = Elapsed time spent in this place.
 B = Non-inter-level travel time spent in this place.
 C = Inter-level travel time spent in this place.
 D = Time resting spent in this place.
 E = Time spent auto-exploring this place.
 F = Levels seen in this place.
 G = Mean time per level.
                   A        B        C        D        E       F      G
               +--------+--------+--------+--------+--------+-----+--------+
         Total |   7743 |   7575 |    168 |    296 |   6172 |   7 | 1106.1 |
       Dungeon |   7743 |   7575 |    168 |    296 |   6172 |   7 | 1106.1 |
               +--------+--------+--------+--------+--------+-----+--------+

Top non-repeatable levels by time:
     D:4: 1770 daAuts
     D:1: 1420 daAuts
     D:3: 1271 daAuts
     D:6: 1178 daAuts
     D:5: 1020 daAuts
     D:2: 849 daAuts
     D:7: 233 daAuts
